 Dungeon Crawl Stone Soup version 0.25-a0-185-g6cfeca75b2 (webtiles) character file.

Game seed: 8386367756699710325, levelgen mode: deterministic

1813 vurker the Zephyrmancer (level 9, 0/52 HPs)
             Began as a Tengu Air Elementalist on Nov 27, 2019.
             Was an Initiate of Vehumet.
             Slain by Psyche
             ... wielding a +4 dagger of chaos
              (9 damage)
             ... on level 8 of the Dungeon.
             The game lasted 00:12:42 (8838 turns).

vurker the Zephyrmancer (Tengu Air Elementalist)    Turns: 8838, Time: 00:12:43

Health: 0/52       AC:  3    Str: 10    XL:     9   Next: 10%
Magic:  11/18      EV: 15    Int: 18    God:    Vehumet [......]
Gold:   385        SH:  0    Dex: 14    Spells: 9/19 levels left

rFire    . . .     SeeInvis .   d - +0 dagger (protect)
rCold    . . .     Gourm    .   (no shield)
rNeg     + . .     Faith    .   n - +1 robe
rPois    .         Spirit   .   (helmet restricted)
rElec    .         Reflect  .   w - scarf {repulsion}
rCorr    .         Harm     .   (no gloves)
MR       +....                  (boots unavailable)
Stlth    ++........             k - amulet of magic regeneration
HPRegen  0.17/turn              b - ring of protection from magic
MPRegen  0.41/turn              o - ring of positive energy

@: lethally poisoned (0 -> -3), flying quickly and evasively, very slightly
contaminated, lightly drained, invisible, repel missiles, quick
A: beak, talons 3, able to fly
a: Stop Flying, Renounce Religion


You were on level 8 of the Dungeon.
You worshipped Vehumet.
Vehumet was noncommittal.
You were not hungry.

You visited 2 branches of the dungeon, and saw 10 of its levels.

You collected 385 gold pieces.

Inventory:

Hand Weapons
 d - a +0 dagger of protection (weapon)
   (You took it off an orc wizard on level 4 of the Dungeon)
Armour
 n - a +1 robe (worn)
   (You found it on level 2 of the Dungeon)
 w - a scarf of repulsion (worn)
   (You found it on level 5 of the Dungeon)
Jewellery
 b - a ring of protection from magic (left hand)
   (You found it on level 1 of the Dungeon)
 k - an amulet of magic regeneration (around neck)
   (You found it on level 2 of the Dungeon)
 o - a ring of positive energy (right hand)
   (You found it on level 2 of the Dungeon)
Wands
 c - a wand of clouds (5)
   (You found it on level 5 of the Dungeon)
 t - a wand of flame (15)
   (You found it on level 8 of the Dungeon)
 v - a wand of digging (6)
   (You took it off Ijyb on level 5 of the Dungeon)
 x - a wand of acid (13)
   (You found it on level 6 of the Dungeon)
Scrolls
 f - a scroll of teleportation {unknown}
 j - 5 scrolls of remove curse
 l - a scroll of fear {unknown}
 p - a scroll of amnesia {unknown}
 q - 2 scrolls of enchant armour
 r - a scroll of enchant weapon {unknown}
 u - 2 scrolls of fog {unknown}
 z - a scroll of immolation {unknown}
Potions
 g - 2 potions of magic
 h - 2 potions of agility
 i - a potion of mutation
 m - 4 potions of curing
 s - 4 potions of heal wounds
 y - a potion of lignification
Comestibles
 e - 15 rations


   Skills:
 + Level 4.0(3.9) Fighting
 - Level 2.1 Dodging
 - Level 2.0(1.9) Stealth
 * Level 5.9(5.8) Spellcasting
 * Level 8.0(7.9) Conjurations
 * Level 9.1(9.0) Air Magic


You had 9 spell levels left.
You knew the following spells:

 Your Spells              Type           Power        Failure   Level  Hunger
a - Shock                 Conj/Air       ####         1%          1    None
b - Lightning Bolt        Conj/Air       #####.....   11%         5    #####..
c - Airstrike             Air            #####.....   3%          4    ####...

Your spell library contained the following spells:

 Spells                   Type           Power        Failure   Level  Hunger
 Static Discharge         Conj/Air       #####...     1%          3    ##.....
 Swiftness                Chrm/Air       ###.....     3%          2    None


Dungeon Overview and Level Annotations

Branches:
Dungeon (9/15)             Temple (1/1) D:6
   Lair: D:8-11         Orc: D:9-12

Altars:
Ashenzari
Cheibriados
Dithmenos
Elyvilon
Gozag
Kikubaaqudgha
Makhleb
Nemelex Xobeh
Qazlal
Sif Muna
Trog
Vehumet
Wu Jian
Xom
Yredelemnul
The Shining One

Shops:
D:7 :}

Annotations:
D:8 Psyche


Innate Abilities, Weirdness & Mutations

You have a beak for a mouth.
You have claws for feet.
You can fly continuously.


Message History

Psyche looks encouraged for a moment.
Psyche gestures wildly while chanting.
Psyche seems to speed up.
The hound barely misses you.
Psyche hits you with a +4 dagger of chaos.
* * * LOW HITPOINT WARNING * * *
Psyche draws strength from your wounds!
Psyche hits you with a +4 dagger of chaos.
* * * LOW HITPOINT WARNING * * *
Psyche burns you.
* * * LOW HITPOINT WARNING * * *
Psyche says, "Please, could you die a little faster?"
Psyche hits you with a +4 dagger of chaos.
* * * LOW HITPOINT WARNING * * *
You are poisoned.
Aim: Psyche, wielding a +4 dagger of chaos and wearing a +0 robe (lightly wounded, fast)
You create a blast of noxious fumes!
You feel sick.
The hound is engulfed in noxious fumes.
The hound appears confused.
The hound bites Psyche but does no damage.
Psyche is engulfed in noxious fumes.
Psyche appears confused.
Psyche hits you but does no damage.
You fade into invisibility!
You are very lightly contaminated with residual magic.
The hound is engulfed in noxious fumes.
The hound appears confused.
Aim: Psyche, wielding a +4 dagger of chaos and wearing a +0 robe (noxious fumes, lightly wounded, fast, confused)
The zap misses Psyche.
The zap hits the hound.
You feel sick.
Psyche is engulfed in noxious fumes.
Psyche appears confused.
Psyche hits the hound with a +4 dagger of chaos.
Psyche freezes the hound.
The hound is killed!
Vehumet accepts your kill.
Your base Conjurations skill increases to level 8!
Psyche hits herself with a +4 dagger of chaos.
Psyche is moving more slowly.
Aim: Psyche, wielding a +4 dagger of chaos and wearing a +0 robe (noxious fumes, lightly wounded, fast, confused, slowly petrifying)
The zap hits Psyche.
You feel sick.
Psyche is engulfed in noxious fumes.
Psyche appears confused.
Psyche hits you with a +4 dagger of chaos.
* * * LOW HITPOINT WARNING * * *
You fade further into invisibility.
Psyche is engulfed in noxious fumes.
Psyche appears confused.
Psyche barely misses you.
Aim: Psyche, wielding a +4 dagger of chaos and wearing a +0 robe (noxious fumes, lightly wounded, fast, confused, slowly petrifying)
The zap hits Psyche.
Psyche is engulfed in noxious fumes.
Psyche hits you but does no damage.
Psyche is engulfed in noxious fumes.
Psyche closely misses you.
Aim: Psyche, wielding a +4 dagger of chaos and wearing a +0 robe (noxious fumes, moderately wounded, fast, confused, slowly petrifying)
The air twists around and strikes Psyche!
You feel sick.
Psyche is engulfed in noxious fumes.
Psyche appears confused.
Psyche hits you with a +4 dagger of chaos!
You die...

##..........## #. ##.......#.#
##. ###[...##.## #.. #####
##...##..# ##.. ###...# #######.#
#... ###.....# ##.###...
###......## ##........
#####.......############.........
#...............@@§○§.........##.
#.#........#######§§§.........###
###.......## ##....§.).....).#
#......## ##...............#
##....## ##................#
##..## ##.................# ####
##..................#
##>..................#
##....................#


You could see Psyche (petrifying).

Vanquished Creatures
  Pikel (D:7)
  Sigmund (D:6)
  A sky beast (D:7)
  2 slaves (D:7)
  A black bear (D:9)
  2 ogres
  A centaur (D:8)
  A bullfrog (D:6)
  3 killer bees (D:8)
  A howler monkey (D:6)
  A crimson imp (D:6)
  4 hounds
  3 orc wizards (D:4)
  Ijyb (D:5)
  3 worker ants
  A killer bee zombie (D:8)
  11 adders
  An adder skeleton (D:8)
  2 worms
  3 dart slugs
  3 leopard geckos
  6 orcs
  2 ball pythons
  8 bats
  A giant cockroach (D:2)
  10 goblins
  11 hobgoblins
  7 jackals
  2 quokkas
  5 frilled lizards
  A jackal zombie (D:6)
  5 kobolds
  3 rats
  A spectral orc (D:3)
109 creatures vanquished.

Notes
Turn   | Place    | Note
-------+----------+-------------------------------------------
     0 | D:1      | vurker the Tengu Air Elementalist began the quest for the
                  | Orb.
     0 | D:1      | Reached XP level 1. HP: 10/10 MP: 4/4
   375 | D:1      | Reached XP level 2. HP: 15/15 MP: 4/6
  1092 | D:1      | Reached XP level 3. HP: 20/20 MP: 1/7
  1611 | D:2      | Reached skill level 1 in Fighting
  1653 | D:2      | Reached XP level 4. HP: 11/25 MP: 0/8
  2156 | D:2      | Reached skill level 5 in Air Magic
  2197 | D:2      | Found a burning altar of Makhleb.
  2629 | D:2      | Gained mutation: You can fly continuously. [Tengu growth]
  2629 | D:2      | Reached XP level 5. HP: 29/29 MP: 2/10
  2887 | D:3      | Learned a level 5 spell: Lightning Bolt
  2892 | D:3      | Learned a level 4 spell: Airstrike
  3532 | D:3      | Found a basalt altar of Yredelemnul.
  3791 | D:4      | Found a shimmering altar of Xom.
  3794 | D:4      | Found a shimmering altar of Xom.
  3794 | D:4      | Found a shimmering altar of Xom.
  3795 | D:4      | Found a shimmering altar of Xom.
  3797 | D:4      | Found a shimmering altar of Xom.
  3797 | D:4      | Found a shimmering altar of Xom.
  4102 | D:4      | Reached XP level 6. HP: 35/35 MP: 4/12
  4126 | D:4      | Reached skill level 6 in Air Magic
  4246 | D:4      | Found an ornate altar of the Wu Jian Council.
  4849 | D:5      | Entered Level 5 of the Dungeon
  4871 | D:5      | Noticed Ijyb
  4881 | D:5      | Killed Ijyb
  5977 | D:6      | Noticed Sigmund
  6003 | D:6      | Killed Sigmund
  6003 | D:6      | Reached skill level 5 in Conjurations
  6003 | D:6      | Reached XP level 7. HP: 25/40 MP: 2/14
  6297 | D:6      | Found a staircase to the Ecumenical Temple.
  6304 | Temple   | Entered the Ecumenical Temple
  6464 | Temple   | Became a worshipper of Vehumet
  6750 | D:6      | Reached skill level 7 in Air Magic
  6918 | D:7      | Reached XP level 8. HP: 45/45 MP: 6/15
  6944 | D:7      | Found an opulent altar of Gozag.
  7018 | D:7      | Found Ynoy's Book Shop.
  7151 | D:7      | Found a shattered altar of Ashenzari.
  7160 | D:7      | Found Lobbaf's Gadget Shoppe.
  7291 | D:7      | Noticed Pikel
  7312 | D:7      | Killed Pikel
  7312 | D:7      | Reached skill level 5 in Spellcasting
  7312 | D:7      | Reached skill level 8 in Air Magic
  8095 | D:8      | Found a white marble altar of Elyvilon.
  8234 | D:8      | Found a bloodstained altar of Trog.
  8543 | D:8      | Reached XP level 9. HP: 36/52 MP: 9/18
  8702 | D:9      | Reached skill level 9 in Air Magic
  8807 | D:9      | Noticed Psyche
  8838 | D:8      | Slain by Psyche

Levels and vault maps discovered:
D:1:      psy_arrival_wood_between_worlds, layout_basic, roderic_lattice_a
D:2:      layout_loops_corners, marbit_many_paths, first_ration
D:3:      layout_basic, yredelemnul_forgotten_temple_becter, patterned_corridor
D:4:      layout_loops_ring, xom_redecorated, nicolae_overflow_crystal_walls,
          chequers_big_river
D:5:      layout_layer_cave, uniq_ijyb
D:6:      layout_rooms, temple_doors_cd, uniq_sigmund
D:7:      layout_basic, lemuel_round_altar, nicolae_overflow_hidden_temple,
          serial_shops, kennysheep_mini, minmay_shop_grid_forest, st_stairs_4,
          uniq_pikel
D:8:      layout_cave_pods, lemuel_coloured_pillars_altar,
          overflow_temple_1_default
D:9:      layout_basic, eat_drink_and_be_merry_uskayaw, old_standard_altar,
          basic_altar, roderic_roman_lattice, uniq_erolcha, uniq_grum,
          uniq_psyche
Temple:   minmay_temple_forest_path

Skill      XL: |  1  2  3  4  5  6  7  8  9 |
---------------+----------------------------+-----
Conjurations   | 2 3 4 5 6 7 8 |  8.0
Fighting       | 1 2 3 4 |  4.0
Air Magic      | 5 6 7 8 9 |  9.1
Spellcasting   | 3 4 5 |  5.9
Dodging        | |  2.1
Stealth        | |  2.0

Action                   |  1- 3 |  4- 6 |  7- 9 || total
-------------------------+-------+-------+-------++-------
Melee: Unarmed           |     9 |       |       ||     9
       Peck              |     1 |     3 |       ||     4
       Kick              |     4 |       |       ||     4
       Dagger            |     6 |     4 |     1 ||    11
 Cast: Shock             |    78 |   165 |    87 ||   330
       Airstrike         |       |     1 |    18 ||    19
 Abil: Fly               |       |     1 |       ||     1
Evoke: Wand              |       |       |     1 ||     1
  Use: Scroll            |       |     6 |     5 ||    11
  Eat: Chunk             |     3 |     9 |     9 ||    21
       Ration            |       |     1 |     1 ||     2
Armor: Robe              |     6 |     6 |     4 ||    16
Dodge: Dodged            |    12 |    17 |    27 ||    56
       Deflected         |       |       |     1 ||     1

Table legend:
 A = Non-vault XP
 B = Vault XP
 C = Vault XP percentage of total XP
 D = Non-vault monster count
 E = Vault monster count
 F = Vault count percentage of total count
                 A         B        C        D         E       F
            +---------+---------+-------+---------+---------+-------
      Total |    1693 |     897 |  34.6 |     101 |       6 |   5.6
            +---------+---------+-------+---------+---------+-------
        D:1 |      36 |       0 |   0.0 |      20 |       0 |   0.0
        D:2 |     152 |       1 |   0.7 |      31 |       1 |   3.1
        D:3 |      63 |       1 |   1.6 |      16 |       1 |   5.9
        D:4 |     179 |       0 |   0.0 |       7 |       0 |   0.0
        D:5 |       3 |      36 |  92.3 |       1 |       1 |  50.0
        D:6 |     417 |     205 |  33.0 |      10 |       1 |   9.1
        D:7 |     156 |     654 |  80.7 |       4 |       2 |  33.3
        D:8 |     528 |       0 |   0.0 |       9 |       0 |   0.0
        D:9 |     159 |       0 |   0.0 |       3 |       0 |   0.0
            +---------+---------+-------+---------+---------+-------
